 Dungeon Crawl Stone Soup version 0.19.0-16-g73b5abf (webtiles) character file.

175330 kengeki the Severer (level 18, -7/171 HPs)
             Began as a Hill Orc Fighter on Nov 9, 2016.
             Was a High Priest of Okawaru.
             Hit by a poisoned javelin thrown by a merfolk javelineer (10 damage)
             ... on level 4 of the Shoals on Nov 10, 2016.
             The game lasted 06:12:16 (42884 turns).

kengeki the Severer (Hill Orc Fighter)             Turns: 42884, Time: 06:12:18

Health: -7/171     AC: 33    Str: 26    XL:     18   Next: 9%
Magic:  19/25      EV: 15    Int: 13    God:    Okawaru [*****.]
Gold:   1159       SH:  0    Dex: 11    Spells: 5 memorised, 14 levels left

rFire  + + .     SeeInvis +     b - +3 broad axe of Disembowelment {venom, Int+2}
rCold  + . .     Gourm    +     j - +4 plate armour
rNeg   . . .     Faith    .     (no shield)
rPois  .         Spirit   .     z - +2 helmet {SInv}
rElec  +         Reflect  .     h - +0 cloak of Contentment {-Tele +Inv MR+ Int+3}
rCorr  .         Harm     .     R - +0 pair of gloves {archery}
MR     +++..     NoTele   +     l - +0 pair of boots
Stlth  ..........               f - amulet of the gourmand
                                g - ring of protection from cold
                                u - ring "Sygipp" {rElec rF++ MR- EV+4 Slay+4}

@: lethally poisoned (-7 -> -36), heroism, finesse, mesmerised, very slightly
contaminated
A: magic resistance 2
a: Heroism, Finesse, Renounce Religion, Evoke Invisibility


You were on level 4 of the Shoals.
You worshipped Okawaru.
Okawaru was extremely pleased with you.
You were very full.

You visited 5 branches of the dungeon, and saw 27 of its levels.

You collected 3011 gold pieces.
You spent 1852 gold pieces at shops.

Inventory:

Hand Weapons
 a - a +1 battleaxe of flaming
 b - the +3 broad axe of Disembowelment (weapon) {venom, Int+2}
   (You bought it in a shop on level 5 of the Dungeon)

   It poisons the flesh of those it strikes.
   It affects your intelligence (+2).
 c - a +1 antimagic executioner's axe
 w - the +3 demon trident "Pauky" {pain, Int+3 SInv}
   (Okawaru gifted it to you on level 14 of the Dungeon)

   In the hands of one skilled in necromantic magic, it inflicts extra damage on
   living creatures.
   It affects your intelligence (+3).
   It lets you see invisible.
Missiles
 G - 106 arrows
 T - a stone (quivered)
Armour
 h - the +0 cloak of Contentment (worn) {-Tele +Inv MR+ Int+3}
   (Okawaru gifted it to you on level 3 of the Lair of Beasts)

   It affects your intelligence (+3).
   It affects your resistance to hostile enchantments.
   It lets you turn invisible.
   It prevents most forms of teleportation.
 j - a +4 plate armour (worn)
 l - a +0 pair of boots (worn)
 y - a +0 cloak of magic resistance
 z - a +2 helmet of see invisible (worn)
 R - a +0 pair of gloves of archery (worn)
Jewellery
 d - an uncursed ring of protection from magic
 f - an amulet of the gourmand (around neck)
 g - a ring of protection from cold (right hand)
 m - the ring of Budepeagh {Ice Int+5 Dex-2}
   (You took it off a meliai on level 5 of the Lair of Beasts)

   [ring of ice]

   It enhances your ice magic.
   It affects your intelligence (+5).
   It affects your dexterity (-2).
   It makes you vulnerable to fire.
   It protects you from cold.
 u - the ring "Sygipp" (left hand) {rElec rF++ MR- EV+4 Slay+4}
   (You found it on level 6 of the Lair of Beasts)

   [ring of evasion]

   It affects your evasion (+4).
   It affects your accuracy and damage with ranged weapons and melee attacks
   (+4).
   It greatly protects you from fire.
   It insulates you from electricity.
   It affects your resistance to hostile enchantments.
Wands
 n - a wand of disintegration (6/24)
 C - a wand of teleportation (4/9)
 E - a wand of lightning (3/15)
 K - a wand of enslavement (12/24)
Scrolls
 k - 5 scrolls of recharging
 p - 4 scrolls of remove curse
 q - 3 scrolls of blinking
 t - 8 scrolls of teleportation
 v - 3 scrolls of silence {unknown}
 A - a scroll of amnesia
 I - 2 scrolls of holy word
 J - a scroll of vulnerability
 N - 2 scrolls of immolation
 S - a scroll of fog
Potions
 e - 13 potions of curing
 i - 4 potions of flight
 r - 4 potions of might
 s - a potion of cancellation
 x - 3 potions of heal wounds
 F - a potion of cure mutation
 H - a potion of haste
 M - 2 potions of lignification
 P - 2 potions of berserk rage
Books
 D - a book of Cantrips

   Spells                             Type                      Level
   a - Confusing Touch                Hexes                        1
   b - Animate Skeleton               Necromancy                   1
   c - Summon Small Mammal            Summoning                    1
   d - Apportation                    Translocation                1
 O - Suamavur's Disquisition on Unholy Heat
   (You found it on level 4 of the Shoals)

   Spells                             Type                      Level
   a - Flame Tongue                   Conjuration/Fire             1
   b - Throw Flame                    Conjuration/Fire             2
   c - Sublimation of Blood           Necromancy                   2
   d - Fireball                       Conjuration/Fire             5
   e - Bolt of Magma                  Conjuration/Fire/Earth       5
   f - Agony                          Necromancy                   5
 Q - a book of Battle

   Spells                             Type                      Level
   a - Infusion                       Charms                       1
   b - Shroud of Golubria             Charms/Translocation         2
   c - Song of Slaying                Charms                       2
   d - Spectral Weapon                Hexes/Charms                 3
   e - Regeneration                   Charms/Necromancy            3
Comestibles
 B - 26 royal jellies
 L - 3 meat rations


   Skills:
 - Level 17.9(22.9) Fighting
 - Level 19.6(24.6) Axes
 - Level 16.7(21.7) Armour
 - Level 0.5(5.5) Dodging
 - Level 0.1(5.1) Stealth
   Level 5.0(10.0) Shields
 - Level 3.0 Spellcasting
 - Level 6.0 Charms
 - Level 6.0 Translocations
 - Level 6.0 Air Magic
 - Level 8.0 Invocations
 * Level 9.5 Evocations


You had 14 spell levels left.
You knew the following spells:

 Your Spells              Type           Power        Failure   Level  Hunger
a - Apportation           Tloc           ###.......   12%         1    #......
b - Blink                 Tloc           N/A          14%         2    ###....
c - Shroud of Golubria    Chrm/Tloc      ###.......   14%         2    ###....
r - Repel Missiles        Chrm/Air       ###...       14%         2    ###....
s - Song of Slaying       Chrm           ###.....     14%         2    ###....


Dungeon Overview and Level Annotations

Branches:
Dungeon (14/15)            Temple (1/1) D:7            Lair (6/6) D:11
 Shoals (4/4) Lair:2       Spider (0/4) Lair:2        Slime (0/5) Lair:5
    Orc (2/2) D:10            Elf (0/3) Orc:2        Vaults (0/5) D:14

Altars:
Ashenzari
Cheibriados
Dithmenos
Elyvilon
Fedhas
Gozag
Hepliaklqana
Kikubaaqudgha
Makhleb
Nemelex Xobeh
Okawaru
Qazlal
Ru
Sif Muna
Trog
Uskayaw
Vehumet
Xom
Yredelemnul
Zin
The Shining One
Beogh
Jiyva

Shops:
D:5 *:(   D:10 !   Orc:2 [}!

Portals:
Pandemonium: Orc:2

Annotations:
Shoals:3 exclusion: downstairs
Shoals:4 Ilsuiw


Innate Abilities, Weirdness & Mutations

You are highly resistant to hostile enchantments. (MR++)


Message History

You are more poisoned.
The merfolk closely misses you.
The merfolk impaler hits you but does no damage.
The merfolk impaler hits you with a trident of freezing.
* * * LOW HITPOINT WARNING * * *
The siren chants a haunting song.
You are mesmerised by the siren!
The merfolk aquamancer hits you but does no damage.
The merfolk hits you but does no damage.
A faun comes into view. It is wielding a spear.
Unknown command.
You shred the net and break free!
* * * LOW HITPOINT WARNING * * *
You feel very sick.
The merfolk impaler hits you but does no damage.
The merfolk javelineer barely misses you.
The merfolk impaler barely misses you.
The merfolk javelineer throws a poisoned javelin.
The poisoned javelin hits you!
You die...

≈≈≈≈≈.....P..#≈....
≈≈≈......##PP.#≈....
≈......≈PP.PP.≈≈≈..P
.......≈≈...<...≈...
.....(m((....(......
.....(.(.(...(......
.........()..(......
......k..m)(c.......
....m(.m@c.(cc......
....m.m...t##P.P....
..m.##mmmcPP#..PP...
..........PP#.##P[..
.. .....PPP.... P...
.......#.P..c. .#.
......≈≈≈......
......≈#.......


You could see Ilsuiw, 2 merfolk impalers, 3 merfolk javelineers, a satyr, a
merfolk aquamancer, 2 merfolk, 4 fauns, a siren, a friendly satyr, a friendly
snapping turtle and a friendly wind drake.

Vanquished Creatures
  Rupert (Lair:4)
  Gastronok (Lair:1)
  Kirke (D:13)
  The ghost of lynn the Blocker, a journeyman FoFi of Okawaru (Lair:2)
  2 merfolk javelineers (Shoals:1)
  4 merfolk impalers
  Josephine (Orc:2)
  An ogre mage (D:14)
  Fannar (D:12)
  11 hydras
  5 catoblepae
  7 merfolk aquamancers
  4 merfolk avatars
  3 centaur warriors
  The ghost of Kite the Arsonist, a journeyman GrFE of Vehumet (D:12)
  An alligator snapping turtle (Shoals:3)
  2 satyrs (Shoals:2)
  20 death yaks
  2 tengu warriors (D:14)
  8 orc high priests
  A deep elf knight (D:14)
  The ghost of lynn the Blocker, a novice FoFi of Okawaru (D:7)
  A fire crab (Lair:6)
  7 skeletal warriors
  A gelid demonspawn (Orc:2)
  An unseen horror (D:13)
  2 infernal demonspawn (Orc:2)
  10 sea snakes
  7 hill giants
  5 orc knights
  3 deep elf magi (D:14)
  5 harpies (Shoals:1)
  The ghost of lynn the Shield-Bearer, a novice FoFi (D:5)
  An ugly thing (D:12)
  9 manticores
  5 orc sorcerers
  An oklob plant (Lair:1)
  11 cyclopes
  A salamander (shapeshifter) (D:13)
  21 fauns
  8 sirens
  3 centaur zombies
  15 spiny frogs
  5 water nymphs
  8 black mambas
  19 elephants
  5 centaur skeletons
  2 molten gargoyles (Lair:3)
  A gargoyle (D:10)
  3 kobold demonologists (D:11)
  A yaktaur (Shoals:3)
  2 rime drakes
  10 komodo dragons
  An ice devil (Orc:2)
  A jumping spider (Lair:2)
  A freezing wraith (D:14)
  A queen bee (Lair:5)
  A polar bear (D:11)
  A wolf spider simulacrum (D:13)
  9 meliai
  9 trolls
  19 merfolk
  3 wind drakes
  2 hornets
  3 two-headed ogres (D:14)
  A raiju (shapeshifter) (D:14)
  22 blink frogs
  10 slime creatures
  8 snapping turtles
  13 hippogriffs
  19 dream sheep
  A shadow (D:11)
  2 centaur simulacra (D:11)
  11 water elementals
  3 wyverns
  5 wraiths
  A human (D:13)
  78 yaks
  A hungry ghost (D:12)
  2 hogs (D:13)
  2 basilisks
  2 chaos spawn (Orc:2)
  2 vampire mosquitoes (D:13)
  5 wargs
  3 soldier ants
  9 porcupines
  11 water moccasins
  40 orc warriors
  3 ice beasts (D:11)
  A sky beast (D:14)
  A necrophage (D:12)
  8 ogres
  3 phantoms
  2 black bears
  7 wolves
  15 centaurs
  12 crocodiles
  3 big kobolds
  10 bullfrogs
  A wyvern skeleton (D:14)
  5 scorpions
  32 killer bees
  7 wights
  6 electric eels
  8 howler monkeys
  2 crimson imps
  2 bullfrog zombies
  5 lava snakes (Lair:3)
  A bullfrog skeleton (D:10)
  A gnoll shaman (D:10)
  4 jellies
  31 orc priests
  2 hounds
  5 iguanas
  20 orc wizards
  Jessica (D:2)
  15 worker ants
  A bullfrog simulacrum (D:11)
  A hound zombie (D:9)
  A hound skeleton (D:4)
  A worker ant zombie (D:10)
  A howler monkey zombie (D:11)
  3 gnolls (D:10)
  18 adders
  4 shadow imps
  3 white imps (D:11)
  An ooze (D:5)
  3 ufetubi (D:11)
  2 adder zombies
  2 adder skeletons
  A worm (D:2)
  A dart slug (D:1)
  8 leopard geckos
  97 orcs
  4 ball pythons
  3 bats
  9 giant cockroaches
  6 hobgoblins
  10 jackals
  8 quokkas
  8 frilled lizards
  14 goblins
  22 kobolds
  10 rats
  18 bushes
  2 fungi (Lair:2)
  19 plants
1049 creatures vanquished.

Vanquished Creatures (others)
  2 merfolk impalers
  6 fauns
  2 sirens
  4 merfolk
  3 orc warriors
  A centaur (Shoals:1)
  2 orc wizards
  A bush (Lair:6)
  15 fungi
  30 plants
66 creatures vanquished.

Grand Total: 1115 creatures vanquished

Notes
Turn   | Place    | Note
-------+----------+-------------------------------------------
     0 | D:1      | kengeki the Hill Orc Fighter began the quest for the Orb.
     0 | D:1      | Reached XP level 1. HP: 19/19 MP: 1/1
   220 | D:1      | Reached XP level 2. HP: 16/27 MP: 2/2
   473 | D:1      | Reached skill level 3 in Axes
   586 | D:2      | Reached XP level 3. HP: 31/33 MP: 3/3
   628 | D:2      | Noticed Jessica
   638 | D:2      | Killed Jessica
   638 | D:2      | Reached skill level 4 in Axes
   884 | D:3      | Reached XP level 4. HP: 35/40 MP: 4/4
  1089 | D:5      | Entered Level 5 of the Dungeon
  1094 | D:5      | Found Kosix's Weapon Shoppe.
  1140 | D:5      | Reached skill level 5 in Axes
  1141 | D:5      | Reached XP level 5. HP: 41/47 MP: 5/5
  1271 | D:5      | Found Gompyabe's Assorted Antiques.
  1298 | D:5      | Found Siluukal's Book Boutique.
  1319 | D:5      | Bought a scroll labeled FUSUIMO HUEV for 26 gold pieces
  1319 | D:5      | Bought a scroll labeled BIREDU VEROWU for 26 gold pieces
  1319 | D:5      | Bought a bubbling cyan potion for 23 gold pieces
  1319 | D:5      | Bought a scroll labeled NACKIFIPLI for 26 gold pieces
  1647 | D:6      | Noticed a phantom
  1678 | D:6      | Killed a phantom
  1678 | D:6      | Reached skill level 6 in Axes
  1678 | D:6      | Reached XP level 6. HP: 53/53 MP: 6/6
  1726 | D:6      | Got a brightly glowing ring mail
  2095 | D:7      | Reached skill level 7 in Axes
  2098 | D:7      | Noticed lynn's ghost (novice FoFi)
  2145 | D:8      | Noticed a phantom
  2171 | D:8      | Killed a phantom
  2171 | D:8      | Reached skill level 5 in Fighting
  2171 | D:8      | Reached skill level 5 in Armour
  2171 | D:8      | Reached XP level 7. HP: 61/61 MP: 7/7
  2297 | D:8      | Identified the +4 ring mail "Koweikiu" {rC+ Dex+3} (You found it on level 6 of the Dungeon)
  2549 | D:8      | Reached skill level 8 in Axes
  2740 | D:7      | Found a staircase to the Ecumenical Temple.
  2747 | Temple   | Entered the Ecumenical Temple
  2765 | Temple   | Became a worshipper of Warmaster Okawaru
  3124 | D:5      | Noticed lynn's ghost (novice FoFi)
  4575 | D:3      | Gained mutation: You are resistant to hostile enchantments. (MR+) [potion of beneficial mutation]
  6040 | D:6      | Reached XP level 8. HP: 70/70 MP: 8/8
  6609 | D:8      | Noticed a hippogriff
  6619 | D:8      | Killed a hippogriff
  6619 | D:8      | Reached * piety under Okawaru
  6619 | D:8      | Reached skill level 9 in Axes
  6995 | D:9      | Noticed a troll
  8206 | D:5      | Reached skill level 5 in Shields
  8278 | D:5      | Bought the +3 broad axe of Disembowelment {venom, Int+2} for 403 gold pieces
  8584 | D:5      | Killed lynn's ghost
  8584 | D:5      | Reached XP level 9. HP: 48/79 MP: 6/9
  8897 | D:7      | Killed lynn's ghost
  8897 | D:7      | Reached ** piety under Okawaru
  8897 | D:7      | Reached skill level 10 in Axes
  9474 | D:9      | Found a sparkling altar of Nemelex Xobeh.
  9725 | D:9      | Killed a troll
  9918 | D:9      | Reached skill level 11 in Axes
 10016 | D:10     | Entered Level 10 of the Dungeon
 10124 | D:10     | Reached XP level 10. HP: 73/91 MP: 10/10
 10609 | D:10     | Reached *** piety under Okawaru
 10690 | D:10     | Noticed a hill giant
 10697 | D:10     | Killed a hill giant
 10697 | D:10     | Reached skill level 10 in Fighting
 10760 | D:10     | Reached skill level 12 in Axes
 10779 | D:10     | Found Caikol's Distillery.
 11028 | D:10     | Reached **** piety under Okawaru
 11072 | D:10     | Reached skill level 10 in Armour
 11323 | D:10     | Noticed a gargoyle
 11332 | D:10     | Killed a gargoyle
 11625 | D:10     | Reached XP level 11. HP: 99/101 MP: 8/11
 11683 | D:10     | Reached skill level 13 in Axes
 11685 | D:10     | Found a staircase to the Orcish Mines.
 11690 | D:10     | Found a roughly hewn altar of Beogh.
 12093 | D:11     | Found a staircase to the Lair.
 12126 | D:11     | Reached ***** piety under Okawaru
 12333 | D:11     | Received a gift from Okawaru
 13261 | D:11     | Reached skill level 14 in Axes
 14088 | D:11     | Learned a level 2 spell: Blink
 14091 | D:11     | Learned a level 2 spell: Repel Missiles
 14104 | Lair:1   | Entered Level 1 of the Lair of Beasts
 14267 | Lair:1   | Reached skill level 1 in Charms
 14274 | Lair:1   | Reached skill level 1 in Air Magic
 14277 | Lair:1   | Reached skill level 1 in Translocations
 14281 | Lair:1   | Reached skill level 1 in Spellcasting
 14431 | Lair:1   | Reached XP level 12. HP: 100/112 MP: 13/13
 14879 | Lair:1   | Noticed Gastronok
 14902 | Lair:1   | Killed Gastronok
 14902 | Lair:1   | Received a gift from Okawaru
 15280 | Lair:1   | Found a shimmering altar of Xom.
 15540 | Lair:2   | Found a hole to the Spider Nest.
 16010 | Lair:2   | Found a staircase to the Shoals.
 16027 | Lair:2   | Received a gift from Okawaru
 16566 | Lair:2   | Noticed lynn's ghost (journeyman FoFi)
 16581 | Lair:2   | Killed lynn's ghost
 17081 | Lair:2   | Noticed an eight-headed hydra
 17090 | Lair:2   | Killed a six-headed hydra
 17090 | Lair:2   | Reached skill level 5 in Charms
 17477 | Lair:2   | Reached XP level 13. HP: 118/118 MP: 17/17
 17575 | Lair:2   | Reached ****** piety under Okawaru
 17575 | Lair:2   | Reached skill level 5 in Air Magic
 17671 | Lair:3   | Reached skill level 5 in Translocations
 17894 | Lair:3   | Received a gift from Okawaru
 17895 | Lair:3   | Got a warped cloak {god gift}
 18265 | Lair:3   | Reached skill level 1 in Invocations
 18939 | Lair:3   | Reached skill level 5 in Invocations
 20012 | Lair:4   | Received a gift from Okawaru
 20298 | Lair:4   | Identified the +0 cloak of Contentment {-Tele +Inv MR+ Int+3} (Okawaru gifted it to you on level 3 of the Lair of Beasts)
 20430 | Lair:4   | Reached XP level 14. HP: 95/127 MP: 13/20
 20858 | Lair:4   | Noticed Rupert
 20895 | Lair:4   | Killed Rupert
 20918 | Lair:4   | Reached skill level 15 in Axes
 22628 | Lair:5   | Got a scorched lead ring
 22630 | Lair:5   | Identified the ring of Budepeagh {Ice Int+5 Dex-2} (You took it off a meliai on level 5 of the Lair of Beasts)
 22703 | Lair:5   | Reached skill level 1 in Evocations
 22939 | Lair:5   | Received a gift from Okawaru
 23160 | Lair:6   | Entered Level 6 of the Lair of Beasts
 23345 | Lair:5   | Found a staircase to the Slime Pits.
 23345 | Lair:5   | Found a viscous altar of Jiyva.
 25023 | Lair:6   | Reached skill level 5 in Evocations
 25214 | Lair:6   | Got a smoking chain mail
 25246 | Lair:6   | Reached XP level 15. HP: 117/138 MP: 19/21
 25259 | Lair:6   | Identified the cursed +0 chain mail of the Kraken {+Blink rElec rF- rN+} (You found it on level 6 of the Lair of Beasts)
 25319 | Lair:6   | Reached skill level 16 in Axes
 25328 | Lair:6   | Received a gift from Okawaru
 26523 | Lair:6   | Received a gift from Okawaru
 26550 | Lair:6   | Reached skill level 15 in Fighting
 26647 | Lair:6   | Got a fine cloak {god gift}
 26700 | Lair:6   | Identified the +0 cloak "Ririkudgh" {*Corrode rF+ rC+ Dex+4} (Okawaru gifted it to you on level 6 of the Lair of Beasts)
 26822 | Lair:6   | Got a crude copper ring
 26905 | Lair:6   | Identified the ring "Sygipp" {rElec rF++ MR- EV+4 Slay+4} (You found it on level 6 of the Lair of Beasts)
 27301 | D:12     | Noticed Fannar
 27317 | D:12     | Killed Fannar
 27508 | D:13     | Noticed Kirke
 27517 | D:13     | Killed Kirke
 27625 | D:12     | Reached skill level 17 in Axes
 28423 | D:12     | Noticed Kite's ghost (journeyman GrFE)
 28433 | D:12     | Killed Kite's ghost
 29182 | D:13     | Reached XP level 16. HP: 135/150 MP: 19/22
 29232 | D:13     | Found an opulent altar of Gozag.
 29888 | D:13     | Received a gift from Okawaru
 30248 | D:14     | Reached skill level 15 in Armour
 30818 | D:14     | Found a gate to the Vaults.
 31061 | D:14     | Reached skill level 18 in Axes
 31359 | D:14     | Received a gift from Okawaru
 31368 | D:14     | Got a crude demon trident {god gift}
 31376 | D:14     | Identified the +3 demon trident "Pauky" {pain, Int+3 SInv} (Okawaru gifted it to you on level 14 of the Dungeon)
 31925 | Orc:1    | Entered Level 1 of the Orcish Mines
 31982 | Orc:1    | Upgraded the game from 0.19.0-11-g3fc08b3 to 0.19.0-16-g73b5abf
 32032 | Orc:2    | Entered Level 2 of the Orcish Mines
 32045 | Orc:2    | Noticed Josephine
 32062 | Orc:2    | Killed Josephine
 32419 | Orc:2    | Found Zeohug's Distillery.
 32427 | Orc:2    | Found Heoxitisch's Food Shop.
 32523 | Orc:2    | Found a staircase to the Elven Halls.
 32722 | Orc:2    | Bought a potion of might for 56 gold pieces
 32722 | Orc:2    | Bought a potion of berserk rage for 70 gold pieces
 32722 | Orc:2    | Bought a potion of berserk rage for 70 gold pieces
 32722 | Orc:2    | Bought a potion of might for 56 gold pieces
 32722 | Orc:2    | Bought 2 potions of curing for 84 gold pieces
 33124 | Orc:2    | Found Damostr Mafa's Gadget Emporium.
 33124 | Orc:2    | Found a one-way gate leading to the halls of Pandemonium.
 33124 | Orc:2    | Found Wubbomez's Antique Armour Shoppe.
 33140 | Orc:2    | Bought a wand of disintegration (6/24) for 140 gold pieces
 33171 | Orc:2    | Bought a potion of cancellation for 112 gold pieces
 33173 | Orc:2    | Bought a slice of pizza for 15 gold pieces
 33173 | Orc:2    | Bought a meat ration for 50 gold pieces
 33173 | Orc:2    | Bought a bread ration for 50 gold pieces
 33173 | Orc:2    | Bought a royal jelly for 20 gold pieces
 33173 | Orc:2    | Bought a bread ration for 50 gold pieces
 33173 | Orc:2    | Bought 4 fruits for 60 gold pieces
 33173 | Orc:2    | Bought a bread ration for 50 gold pieces
 33173 | Orc:2    | Bought 3 fruits for 45 gold pieces
 33812 | Orc:1    | Found a roughly hewn altar of Beogh.
 34244 | D:10     | Bought a potion of beneficial mutation for 420 gold pieces
 34246 | D:10     | Gained mutation: You are highly resistant to hostile enchantments. (MR++) [potion of beneficial mutation]
 34692 | Shoals:1 | Entered Level 1 of the Shoals
 34767 | Shoals:1 | Reached XP level 17. HP: 145/161 MP: 17/23
 35108 | Lair:2   | Received a gift from Okawaru
 35108 | Lair:2   | Reached skill level 19 in Axes
 35109 | Lair:2   | Got a crystal short sword {god gift}
 39120 | Shoals:1 | Received a gift from Okawaru
 40526 | Shoals:2 | Learned a level 1 spell: Apportation
 40529 | Shoals:2 | Learned a level 2 spell: Song of Slaying
 40532 | Shoals:2 | Learned a level 2 spell: Shroud of Golubria
 41705 | Shoals:3 | Received a gift from Okawaru
 42093 | Shoals:4 | Entered Level 4 of the Shoals
 42459 | Shoals:4 | Reached XP level 18. HP: 163/171 MP: 20/24
 42682 | Shoals:4 | Identified Suamavur's Disquisition on Unholy Heat (You found it on level 4 of the Shoals)
 42873 | Shoals:4 | Noticed Ilsuiw
 42883 | Shoals:4 | HP: 8/171 [poisoned by a merfolk javelineer]
 42884 | Shoals:4 | HP: 3/171 [poisoned by a merfolk javelineer]
 42884 | Shoals:4 | Hit by a poisoned javelin thrown by a merfolk javelineer

Skill      XL: |  1  2  3  4  5  6  7  8  9 10 11 12 13 14 15 16 17 18 |
---------------+-------------------------------------------------------+-----
Fighting       | 4 5 7 9 10 12 14 15 17 | 17.9
Axes           | 3 4 5 6 7 8 9 11 12 14 15 17 18 19 | 19.6
Armour         | 4 5 7 8 10 11 12 13 14 16 | 16.7
Shields        | 5 |  5.0
Charms         | 1 5 6 |  6.0
Air Magic      | 1 4 6 |  6.0
Translocations | 1 4 6 |  6.0
Spellcasting   | 1 3 |  3.0
Invocations    | 8 |  8.0
Evocations     | 5 8 9 |  9.5
Dodging        | |  0.5
Stealth        | |  0.1

Action                   |  1- 3 |  4- 6 |  7- 9 | 10-12 | 13-15 | 16-18 || total
-------------------------+-------+-------+-------+-------+-------+-------++-------
Melee: War axe           |   115 |    77 |   328 |       |       |       ||   520
       Broad axe         |       |       |    98 |   649 |  1113 |   458 ||  2318
       Battleaxe         |       |       |       |     2 |   189 |   633 ||   824
       Punch             |       |       |       |       |    11 |     4 ||    15
       Executioner's axe |       |       |       |       |    18 |       ||    18
 Cast: Repel Missiles    |       |       |       |       |     1 |    16 ||    17
       Apportation       |       |       |       |       |       |    10 ||    10
Invok: Heroism           |       |       |     7 |    13 |    23 |    14 ||    57
       Finesse           |       |       |       |     2 |     7 |     3 ||    12
 Abil: Evoke Invisibilit |       |       |       |       |       |    38 ||    38
       Turn Visible      |       |       |       |       |       |     8 ||     8
Evoke: Wand              |       |       |     5 |     3 |     2 |     5 ||    15
       Sack of spiders   |       |       |       |     1 |       |       ||     1
  Use: Scroll            |     3 |     6 |     9 |     2 |    14 |    10 ||    44
       Potion            |     1 |     5 |     6 |     3 |     3 |     2 ||    20
 Stab: Invisible         |       |       |       |       |       |    98 ||    98
       Paralysed         |       |       |       |       |       |     4 ||     4
  Eat: Chunk             |       |     4 |    18 |    21 |    26 |    76 ||   145
       Fruit             |       |     1 |     8 |     4 |    13 |       ||    26
       Royal jelly       |       |       |       |       |     1 |       ||     1
       Pizza             |       |       |       |       |       |     1 ||     1
Armor: Scale mail        |    27 |       |       |       |       |       ||    27
       Plate armour      |    45 |    41 |    62 |   317 |   630 |   552 ||  1647
       Ring mail         |       |       |   102 |       |       |       ||   102
Dodge: Dodged            |    22 |    11 |   107 |   190 |   363 |   597 ||  1290
       Deflected         |       |       |       |       |     1 |    58 ||    59
Block: Shield            |    71 |    32 |   126 |       |       |       ||   229
       Buckler           |       |       |    28 |    88 |       |       ||   116
